 Dungeon Crawl Stone Soup version 0.30-a0-870-gc5d4c5acee (webtiles) character file.

Game seed: 7220104028937658701

2964 Gerhazo the Destroyer (level 9, -4/49 HPs)
             Began as a Deep Elf Conjurer on Mar 11, 2023.
             Was a Priest of Vehumet.
             Slain by a yak (12 damage)
             ... on level 6 of the Dungeon.
             The game lasted 00:15:22 (8538 turns).

Gerhazo the Destroyer (Deep Elf Conjurer)           Turns: 8538, Time: 00:15:23

Health: -4/49      AC:  7    Str:  7    XL:     9   Next: 52%
Magic:  12/23      EV: 13    Int: 28    God:    Vehumet [***...]
Gold:   363        SH:  0    Dex: 13    Spells: 8/24 levels left

rFire   . . .      SeeInvis .    y - +12 glaive of Truth {speed, Str+3}
rCold   . . .      Faith    .    (shield currently unavailable)
rNeg    . . .      Spirit   .    I - +0 steam dragon scales
rPois   +          Reflect  .    (no helmet)
rElec   .          Rampage  .    u - +0 cloak
rCorr   .                        (no gloves)
Will    .....                    p - +0 pair of boots
Stlth   +++                      (no amulet)
HPRegen 0.28/turn                e - ring of poison resistance
MPRegen 0.18/turn                k - ring of wizardry

@: no status effects
A: no striking features
a: Renounce Religion


You were on level 6 of the Dungeon.
You worshipped Vehumet.
Vehumet was most pleased with you.
You visited 2 branches of the dungeon, and saw 8 of its levels.

You collected 363 gold pieces.

Inventory:

Hand Weapons
 y - the +12 glaive of Truth (weapon) {speed, Str+3}
   (You found it on level 5 of the Dungeon)

   Str:       It affects your strength (+3).
Armour
 o - an orb of mayhem
 p - a +0 pair of boots (worn)
 r - a scarf of invisibility
 u - a +0 cloak (worn)
 I - +0 steam dragon scales (worn)
Jewellery
 e - a ring of poison resistance (left hand)
 k - a ring of wizardry (right hand)
 F - a ring of willpower
Wands
 a - a wand of iceblast (8)
 l - a wand of paralysis (9)
 q - a wand of mindburst (5)
 C - a wand of flame (47)
Scrolls
 c - 5 scrolls of identify {unknown}
 d - 6 scrolls of teleportation {unknown}
 g - 3 scrolls of magic mapping {unknown}
 h - 2 scrolls of poison {unknown}
 n - a scroll of acquirement {unknown}
 t - a scroll of enchant weapon {unknown}
 v - 3 scrolls of fog {unknown}
 x - 2 scrolls of vulnerability {unknown}
 A - 3 scrolls of blinking {unknown}
 B - a scroll of immolation {unknown}
 D - a scroll of torment {unknown}
 E - a scroll of enchant armour {unknown}
 G - a scroll of amnesia {unknown}
Potions
 b - 4 potions of magic
 f - 2 potions of ambrosia {unknown}
 i - 5 potions of curing {unknown}
 j - 5 potions of degeneration {unknown}
 m - 4 potions of lignification {unknown}
 s - 5 potions of haste {unknown}
 w - 2 potions of might {unknown}
 z - a potion of invisibility {unknown}
 H - a potion of mutation {unknown}


   Skills:
 + Level 2.6 Fighting
 + Level 5.0 Dodging
 - Level 5.0 Stealth
 + Level 8.4 Spellcasting
 * Level 10.4 Conjurations
 + Level 3.9 Summonings
 + Level 3.8 Fire Magic


You had 8 spell levels left.
You knew the following spells:

 Your Spells              Type           Power      Damage    Failure   Level
a - Magic Dart            Conj           100%       1d8       1%          1
b - Searing Ray           Conj           100%       2d8       1%          2
c - Iskenderun's Mystic   Conj/Tloc      41%        2d9       1%          4
d - Blink                 Tloc           22%        N/A       2%          2
e - Fulminant Prism       Conj/Hex       20%        3d12      1%          4
f - Call Canine Familiar  Summ           34%        N/A       1%          3

Your spell library contained the following spells:

 Spells                   Type           Power      Damage    Failure   Level
 Scorch                   Fire           66%        2d8       1%          2
 Static Discharge         Conj/Air       82%        2-6/arc   1%          2
 Dazzling Flash           Conj/Hex       82%        N/A       1%          3
 Frozen Ramparts          Ice            22%        1d4       1%          3
 Arcjolt                  Conj/Air       20%        1d30      1%          5
 Lightning Bolt           Conj/Air       20%        1d35      1%          5
 Portal Projectile        Hex/Tloc       22%        N/A       6%          3
 Vhi's Electric Charge    Tloc/Air       22%        N/A       6%          3
 Summon Ice Beast         Ice/Summ       22%        N/A       9%          4
 Ice Form                 Ice/Tmut       11%        N/A       19%         4
 Leda's Liquefaction      Hex/Erth       5%         N/A       19%         4
 Manifold Assault         Tloc           11%        N/A       19%         4
 Storm Form               Tmut/Air       5%         N/A       100%        7


Dungeon Overview and Level Annotations

Branches:
Dungeon (7/15)             Temple (1/1) D:4

Altars:
Ashenzari
Cheibriados
Elyvilon
Fedhas
Hepliaklqana
Kikubaaqudgha
Makhleb
Okawaru
Qazlal
Ru
Trog
Uskayaw
Vehumet
Wu Jian
Xom
Yredelemnul
Zin
The Shining One

Shops:
D:5 ?


Message History

Unknown command.
Casting: Fulminant Prism (dangerous; 1% risk of failure)
Confirm with . or Enter, or press ? or * to list all spells.
Aiming: Fulminant Prism (dangerous; 1% risk of failure)
Press: ? - help, Dir - move target You conjure a prism of explosive energy!
A fulminant prism comes into view.
Your fulminant prism crackles loudly.
The yak gores your fulminant prism!
Your fulminant prism explodes!
The blast of energy engulfs the yak!
The yak is almost dead.
The blast of energy engulfs the yak!
The yak is heavily wounded.
You hear a bellow!
Casting: Fulminant Prism (dangerous; 1% risk of failure)
Confirm with . or Enter, or press ? or * to list all spells.
Aiming: Fulminant Prism (dangerous; 1% risk of failure)
Press: ? - help, Dir - move target You conjure a prism of explosive energy!
A fulminant prism comes into view.
The yak gores your fulminant prism!
Your fulminant prism detonates feebly.
The yak gores you.
There is a stone staircase leading up here.
The yak gores you!
You climb upwards.
There is a stone staircase leading down here.
The yak gores you.
You climb downwards.
The yak completely misses you. The yak barely misses you.
There is a stone staircase leading up here.
The yak barely misses you. The yak closely misses you. The yak gores you!
The yak misses you.
You climb upwards.
There is a stone staircase leading down here.
The yak attacks as you move away! The yak gores you. The yak gores you!
* * * LOW HITPOINT WARNING * * *
The yak completely misses you. The yak attacks as you move away!
The yak gores you!
You die...

.#
#############.#.##.##
#. .#
#............[[...#.#
#. .#
#.###########)#.##.##
###. .# #.#
####.#.##.#####... .#
#.#
#....#.##.........
.######.#
#.####..........#.
........# ##.##
############.
......###
####Y..####### #.
#####.#
#...Y@.......# #.
##.## #.##YY.#####.#
#. ##.#.## #.###.##
#.########.
##.###.####.# #.#
#.##....... #.##
##.....#
#.######.##.#####.
##.###.######
#...........#####.
##.#.##
########..........
##.## ########### ###


You could see 4 yaks.

Vanquished Creatures
  A two-headed ogre (D:6)
  Sigmund (D:5)
  A yak (D:7)
  A steam dragon (D:7)
  A water moccasin (D:6)
  An orc warrior (D:5)
  Pargi (D:4)
  A black bear (D:5)
  A sky beast (D:7)
  2 ogres
  A kobold brigand (D:7)
  A bullfrog (D:7)
  5 howler monkeys (D:7)
  3 hounds
  An orc priest (D:7)
  Crazy Yiuf (D:5)
  A gnoll bouda (D:7)
  3 sleepcaps
  Jessica (D:2)
  4 iguanas
  Ijyb (D:5)
  7 orc wizards
  Robin (D:2)
  11 adders
  5 gnolls (D:7)
  A shadow imp (D:7)
  3 white imps
  2 ufetubi (D:5)
  3 worms
  4 dart slugs
  15 orcs
  12 ball pythons
  5 bats
  3 endoplasms
  5 giant cockroaches
  11 goblins
  13 hobgoblins
  3 jackals (D:4)
  5 quokkas
  3 frilled lizards
  7 kobolds
  21 rats
173 creatures vanquished.

Vanquished Creatures (collateral kills)
  A hound (D:5)
  2 orcs (D:5)
  4 goblins (D:2)
  2 hobgoblins (D:2)
9 creatures vanquished.

Vanquished Creatures (others)
  An orc (D:5)
  12 fulminant prisms
  A plant (D:4)
14 creatures vanquished.

Grand Total: 196 creatures vanquished

Notes
Turn   | Place    | Note
-------+----------+-------------------------------------------
     0 | D:1      | Gerhazo the Deep Elf Conjurer began the quest for the Orb.
     0 | D:1      | Reached XP level 1. HP: 10/10 MP: 6/6
   395 | D:1      | Reached XP level 2. HP: 15/15 MP: 6/8
   398 | D:1      | Learned a level 2 spell: Searing Ray
   641 | D:3      | Reached skill level 5 in Conjurations
   653 | D:3      | Reached XP level 3. HP: 19/19 MP: 5/10
  1057 | D:4      | Found a staircase to the Ecumenical Temple.
  1124 | Temple   | Entered the Ecumenical Temple
  1658 | D:4      | Reached XP level 4. HP: 24/24 MP: 7/12
  1677 | D:4      | Learned a level 4 spell: Iskenderun's Mystic Blast
  1740 | D:4      | Noticed Pargi
  1753 | D:4      | Killed Pargi
  1754 | D:4      | Reached skill level 6 in Conjurations
  1754 | D:4      | Reached XP level 5. HP: 28/28 MP: 2/14
  1872 | D:4      | Reached skill level 5 in Spellcasting
  2206 | D:4      | Noticed a black bear
  2243 | D:5      | Entered Level 5 of the Dungeon
  2268 | D:5      | Reached skill level 7 in Conjurations
  2268 | D:5      | Reached XP level 6. HP: 28/32 MP: 2/16
  2416 | D:5      | Noticed Ijyb
  2426 | D:5      | Killed Ijyb
  2596 | D:5      | Found a hide-covered altar of Uskayaw.
  2730 | D:5      | Found a runed translucent door.
  2731 | D:5      | Noticed Crazy Yiuf
  2892 | D:5      | Found Punuliuh's Magic Scroll Shoppe.
  3062 | D:5      | Found a radiant altar of Vehumet.
  3070 | D:5      | Became a worshipper of Vehumet
  3082 | D:5      | Learned a level 2 spell: Blink
  3125 | D:5      | Reached skill level 8 in Conjurations
  3125 | D:5      | Reached XP level 7. HP: 36/36 MP: 14/18
  3599 | D:2      | Noticed Robin
  3601 | D:2      | Killed Robin
  3602 | D:2      | Reached * piety under Vehumet
  3602 | D:2      | Offered knowledge of Shock by Vehumet.
  3760 | D:2      | Noticed Jessica
  3765 | D:2      | Killed Jessica
  5377 | D:3      | Reached ** piety under Vehumet
  5377 | D:3      | Offered knowledge of Kiss of Death by Vehumet.
  5557 | D:4      | Reached skill level 1 in Summonings
  5684 | D:5      | Noticed Sigmund
  5708 | D:5      | Learned a level 4 spell: Fulminant Prism
  5717 | D:5      | Killed Sigmund
  5718 | D:5      | Reached skill level 9 in Conjurations
  5718 | D:5      | Reached skill level 1 in Fire Magic
  5718 | D:5      | Reached XP level 8. HP: 42/42 MP: 9/20
  5810 | D:5      | Identified the +12 glaive of Truth {speed, Str+3}
  5964 | D:5      | Killed Crazy Yiuf
  6222 | D:6      | Reached skill level 1 in Fighting
  6302 | D:6      | Noticed a two-headed ogre
  6312 | D:6      | Killed a two-headed ogre
  6931 | D:7      | Reached XP level 9. HP: 41/48 MP: 14/22
  7005 | D:7      | Offered knowledge of Scorch by Vehumet.
  7103 | D:7      | Learned a level 3 spell: Call Canine Familiar
  7241 | D:7      | Reached skill level 10 in Conjurations
  7370 | D:7      | Reached skill level 5 in Stealth
  7428 | D:7      | Reached *** piety under Vehumet
  7615 | D:7      | Found a burning altar of Makhleb.
  8001 | D:7      | Found a basalt altar of Yredelemnul.
  8082 | D:7      | Found a glowing silver altar of Zin.
  8086 | D:7      | Reached skill level 5 in Dodging
  8086 | D:7      | Found a snail-covered altar of Cheibriados.
  8538 | D:6      | Slain by a yak

Illustrated notes

Levels and vault maps discovered:
D:1:      mrwooster_arrival_statue, layout_basic, minmay_door_square,
          minmay_hexomino_p4
D:2:      layout_basic, uniq_robin, uniq_jessica
D:3:      layout_rooms, minmay_snake_closets
D:4:      layout_loops_ring, minmay_temple_entry_slanted, serial_bayou_pond_d,
          minmay_rat_hole, uniq_pargi
D:5:      layout_loops_ring, nicolae_vehumet_radiance, marbit_many_paths,
          serial_shops, shop_fountains, moated_statue, uniq_sigmund,
          uniq_crazy_yiuf_cottage, uniq_ijyb
D:6:      layout_loops_ring
D:7:      layout_cave_pods, lemuel_crystal_altar, mainiacjoe_overflow_alcove_2,
          chequers_temple_overflow_statue_of_worship
Temple:   nicolae_temple_bog_church

Skill      XL: |  1  2  3  4  5  6  7  8  9 |
---------------+----------------------------+-----
Conjurations   | 5 6 7 8 9 10 | 10.4
Spellcasting   | 4 5 6 7 8 |  8.4
Summonings     | 1 3 |  3.9
Dodging        | 3 4 5 |  5.0
Stealth        | 3 4 5 |  5.0
Fire Magic     | 1 2 3 |  3.8
Fighting       | 1 2 |  2.6

Action                     |  1- 3 |  4- 6 |  7- 9 || total
---------------------------+-------+-------+-------++-------
  Melee: Unarmed           |     2 |       |       ||     2
         Dagger            |       |       |     1 ||     1
         Glaive            |       |       |     1 ||     1
   Cast: Magic Dart        |    13 |       |       ||    13
         Searing Ray       |    28 |    27 |    79 ||   134
         Iskenderun's Myst |       |     1 |     7 ||     8
         Blink             |       |     1 |     1 ||     2
         Fulminant Prism   |       |       |    12 ||    12
         Call Canine Famil |       |       |     8 ||     8
 Armour: Robe              |     2 |     1 |     9 ||    12
         Steam dragon scal |       |       |     1 ||     1
  Dodge: Dodged            |     7 |     9 |    48 ||    64

Table legend: (Time is in decaauts)
 A = Elapsed time spent in this place.
 B = Non-inter-level travel time spent in this place.
 C = Inter-level travel time spent in this place.
 D = Time resting spent in this place.
 E = Time spent auto-exploring this place.
 F = Levels seen in this place.
 G = Mean time per level.
                   A        B        C        D        E       F      G
               +--------+--------+--------+--------+--------+-----+--------+
         Total |   8550 |   8229 |    321 |    395 |   6333 |   8 | 1068.8 |
       Dungeon |   8240 |   7919 |    321 |    295 |   6167 |   7 | 1177.1 |
        Temple |    309 |    309 |      0 |    100 |    166 |   1 |  309.0 |
               +--------+--------+--------+--------+--------+-----+--------+

Top non-repeatable levels by time:
     D:5: 1471 daAuts
     D:7: 1454 daAuts
     D:4: 1174 daAuts
     D:1: 1098 daAuts
     D:2: 1055 daAuts
     D:6: 1038 daAuts
     D:3: 948 daAuts
  Temple: 309 daAuts
